 Dungeon Crawl Stone Soup version 0.25-b1-37-g2669288c55 (webtiles) character file.

Game seed: 4645674152454302906

245 ravixini the Shield-Bearer (level 6, 0/47 HPs)
             Began as a Human Fighter on June 4, 2020.
             Slain by a sky beast (6 damage)
             ... on level 4 of the Dungeon on June 5, 2020.
             The game lasted 00:15:34 (4196 turns).

ravixini the Shield-Bearer (Human Fighter)          Turns: 4196, Time: 00:15:34

Health: 0/47       AC:  7    Str: 19    XL:     6   Next: 32%
Magic:  6/6        EV:  7    Int:  6    God:
Gold:   210        SH: 13    Dex: 12    Spells: 5/5 levels left

rFire    . . .     SeeInvis .   a - +0 long sword
rCold    . . .     Gourm    .   c - +0 kite shield
rNeg     . . .     Faith    .   b - +0 scale mail
rPois    .         Spirit   .   (no helmet)
rElec    .         Reflect  .   (no cloak)
rCorr    .         Harm     .   (no gloves)
MR       .....                  (no boots)
Stlth    ..........             (no amulet)
HPRegen  0.15/turn              k - ring of wizardry
MPRegen  0.10/turn              (no ring)

@: no status effects
A: large bone plates 1, dopey 1
a: no special abilities


You were on level 4 of the Dungeon.
You were hungry.

You visited 1 branch of the dungeon, and saw 4 of its levels.

You collected 210 gold pieces.

Inventory:

Hand Weapons
 a - a +0 long sword (weapon)
 m - a +0 flail
 o - a +1 dagger of electrocution
Missiles
 i - 55 arrows
Armour
 b - a +0 scale mail (worn)
 c - a +0 kite shield (worn)
 j - a +0 leather armour
 n - a +0 robe
Jewellery
 k - a ring of wizardry (left hand)
Scrolls
 g - a scroll of teleportation {unknown}
 h - a scroll of immolation {unknown}
 l - a scroll of identify {unknown}
Potions
 d - a potion of might
 e - 2 potions of magic
Comestibles
 f - 3 rations
 p - a chunk of flesh


   Skills:
 + Level 3.6 Fighting
 + Level 3.4 Long Blades
 + Level 4.2 Armour
 + Level 0.7 Dodging
 + Level 0.2 Stealth
 + Level 4.4 Shields


You had 5 spell levels left.
You didn't know any spells.
Your spell library was empty.

Dungeon Overview and Level Annotations

Branches:
Dungeon (4/15)
 Temple: D:4-7

Altars:
Fedhas
Nemelex Xobeh
Wu Jian


Innate Abilities, Weirdness & Mutations

You are partially covered in large bone plates. (SH +4)
You are dopey. (Int -2)


Message History

You hit the sky beast.
The sky beast is heavily wounded.
The sky beast hits you but does no damage.
You barely miss the sky beast.
The sky beast is heavily wounded.
The sky beast flickers out of sight!
Deactivating autopickup; reactivate with Ctrl-A.
Something hits you. Something shocks you.
* * * LOW HITPOINT WARNING * * *
You closely miss something. Something hits you but does no damage.
Something hits you.
* * * LOW HITPOINT WARNING * * *
Something shocks you.
* * * LOW HITPOINT WARNING * * *
You barely miss something. You block something's attack.
You miss something. You block something's attack.
You closely miss something. Something hits you.
* * * LOW HITPOINT WARNING * * *
Something shocks you.
You die...

###########.#.######.###
#.#........#
#.########## #.#
########.# #........#
#.#####..#####
#..........#
#.###@.###.# #{..#
....># ##...## ...##
##.# .# +#


There were no monsters in sight!

Vanquished Creatures
  A scorpion (D:4)
  A hound (D:4)
  8 adders
  2 gnolls (D:2)
  An adder skeleton (D:4)
  2 worms (D:2)
  3 dart slugs
  2 leopard geckos (D:2)
  5 orcs (D:3)
  3 giant cockroaches
  5 hobgoblins
  2 jackals (D:3)
  A quokka (D:4)
  A ball python (D:3)
  4 bats
  3 frilled lizards (D:2)
  7 goblins
  4 kobolds
  6 rats
  A fungus (D:3)
  A plant (D:3)
63 creatures vanquished.

Notes
Turn   | Place    | Note
-------+----------+-------------------------------------------
     0 | D:1      | ravixini the Human Fighter began the quest for the Orb.
     0 | D:1      | Reached XP level 1. HP: 18/18 MP: 1/1
   253 | D:1      | Reached XP level 2. HP: 16/24 MP: 2/2
  1045 | D:2      | Gained mutation: You are dopey. (Int -2) [potion of
                  | mutation]
  1045 | D:2      | Gained mutation: You are partially covered in large bone
                  | plates. (SH +4) [potion of mutation]
  1070 | D:2      | Reached XP level 3. HP: 10/29 MP: 3/3
  1566 | D:2      | Found a faded altar of an unknown god.
  1588 | D:2      | Reached XP level 4. HP: 25/35 MP: 4/4
  2042 | D:2      | Found a sparkling altar of Nemelex Xobeh.
  2042 | D:2      | Found an ornate altar of the Wu Jian Council.
  2612 | D:3      | Reached XP level 5. HP: 38/41 MP: 5/5
  2681 | D:3      | Found a blossoming altar of Fedhas.
  3577 | D:4      | Reached XP level 6. HP: 24/47 MP: 6/6
  4173 | D:4      | Noticed a sky beast
  4196 | D:4      | Slain by a sky beast

Illustrated notes

Levels and vault maps discovered:
D:1:      ncdulo_watergridlock, layout_basic
D:2:      layout_loops_ring, nicolae_overflow_hidden_temple,
          chequers_ecumenical_altar_island
D:3:      layout_loops_ring, fedhas_altar_3
D:4:      layout_loops_corners, first_ration

Skill      XL: |  1  2  3  4  5 |
---------------+----------------+-----
Armour         | 4 |  4.2
Long Blades    | 3 |  3.4
Shields        | 4 |  4.4
Fighting       | |  3.6
Dodging        | |  0.7
Stealth        | |  0.2

Action                   |  1- 3 |  4- 6 || total
-------------------------+-------+-------++-------
Melee: Long sword        |    59 |   233 ||   292
  Use: Potion            |     3 |     1 ||     4
       Scroll            |     2 |     4 ||     6
  Eat: Chunk             |     1 |     6 ||     7
       Ration            |       |     1 ||     1
Armor: Scale mail        |    21 |    79 ||   100
Dodge: Dodged            |    20 |    53 ||    73
Block: Kite shield       |    39 |   145 ||   184
       Rpst.: Long sword |     8 |    16 ||    24
